 Dungeon Crawl Stone Soup version 0.20.2-3-g29329e0561 (webtiles) character file.

128 Alfie the Shield-Bearer (level 4, 0/40 HPs)
             Began as a Minotaur Fighter on Dec 3, 2020.
             Slain by an orc
             ... wielding a +0 flail
              (3 damage)
             ... on level 3 of the Dungeon.
             The game lasted 00:02:52 (1572 turns).

Alfie the Shield-Bearer (Minotaur Fighter)          Turns: 1572, Time: 00:02:52

Health: 0/40       AC:  7    Str: 22    XL:     4   Next: 87%
Magic:  3/3        EV:  7    Int:  5    God:
Gold:   139        SH:  9    Dex:  9    Spells: 3/3 levels left

rFire    . . .     SeeInvis .   a - +0 long sword
rCold    . . .     Gourm    .   c - +0 shield
rNeg     . . .     Faith    .   b - +0 scale mail
rPois    .         Spirit   .   (helmet restricted)
rElec    .         Reflect  .   (no cloak)
rCorr    .         Harm     .   (no gloves)
MR       .....                  (no boots)
Stlth    ..........             (no amulet)
Regen    0.2/turn               (no ring)
MPRegen  0.1/turn               (no ring)

@: no status effects
A: retaliatory headbutt, horns 2
a: no special abilities


You were on level 3 of the Dungeon.
You were not hungry.

You visited 1 branch of the dungeon, and saw 3 of its levels.

You collected 139 gold pieces.

Inventory:

Hand Weapons
 a - a +0 long sword (weapon)
Armour
 b - a +0 scale mail (worn)
 c - a +0 shield (worn)
Scrolls
 g - a scroll of enchant armour {unknown}
 j - 2 scrolls of teleportation {unknown}
 k - a scroll of enchant weapon {unknown}
 l - a scroll of identify {unknown}
 q - a scroll of remove curse {unknown}
 r - a scroll of random uselessness {unknown}
Potions
 d - 2 potions of might
 e - a potion of heal wounds {unknown}
 h - 2 potions of magic {unknown}
 i - a potion of degeneration {unknown}
 m - a potion of curing {unknown}
 n - a potion of agility {unknown}
Comestibles
 f - a bread ration
 o - 2 meat rations


   Skills:
 + Level 4.1 Fighting
 + Level 4.1 Long Blades
 + Level 4.3 Armour
 + Level 0.2 Dodging
 + Level 0.3 Stealth
 + Level 4.8 Shields


You had 3 spell levels left.
You didn't know any spells.

Dungeon Overview and Level Annotations

Branches:
Dungeon (3/15)

Altars:


Innate Abilities, Weirdness & Mutations

You reflexively headbutt those who attack you in melee.
You have a pair of horns on your head.


Message History

* * * LOW HITPOINT WARNING * * *
You slash the orc priest!
The orc priest is heavily wounded.
The orc priest miscasts a cantrip.
You completely miss the orc priest.
The orc priest is heavily wounded.
The orc priest barely misses you.
You riposte.
You slash the orc priest!
You kill the orc priest!
Your Long Blades skill increases to level 4!
You hit the quokka.
The quokka is moderately wounded.
The quokka bites you but does no damage.
You closely miss the quokka. Your headbutt misses the quokka.
The quokka is moderately wounded.
You block the quokka's attack. The quokka bites you.
* * * LOW HITPOINT WARNING * * *
You miss the quokka. You headbutt the quokka.
You kill the quokka!
The orc hits you with a flail.
You die...

#.# #.# .....
#.# ... #.# ...
#.# ... #.# #.#
#.# #.# #.# #o#
#.# #@#
#.####.####.####
#..)..........#
#.############.#
.. ##


You could see an orc.

Vanquished Creatures
  An orc priest (D:3)
  Jessica (D:2)
  2 adders (D:2)
  A worm (D:2)
  A dart slug (D:1)
  2 orcs (D:3)
  2 giant cockroaches
  4 hobgoblins
  3 jackals
  4 quokkas
  9 bats
  6 frilled lizards
  8 goblins
  4 rats
48 creatures vanquished.

Notes
Turn   | Place    | Note
-------+----------+-------------------------------------------
     0 | D:1      | Alfie the Minotaur Fighter began the quest for the Orb.
     0 | D:1      | Reached XP level 1. HP: 19/19 MP: 0/0
   352 | D:1      | Reached XP level 2. HP: 27/27 MP: 1/1
   838 | D:2      | Noticed Jessica
   854 | D:2      | Killed Jessica
   854 | D:2      | Reached XP level 3. HP: 27/33 MP: 2/2
  1124 | D:2      | Reached XP level 4. HP: 40/40 MP: 3/3
  1572 | D:3      | Slain by an orc

Skill      XL: |  1  2  3  4 |
---------------+-------------+-----
Armour         | 4 |  4.3
Shields        | 4 |  4.8
Fighting       | 4 |  4.1
Long Blades    | 3 4 |  4.1
Dodging        | |  0.2
Stealth        | |  0.3

Action                   |  1- 3 |  4- 6 || total
-------------------------+-------+-------++-------
Melee: Long sword        |    55 |    52 ||   107
       Headbutt          |    11 |     8 ||    19
  Eat: Fruit             |     1 |       ||     1
       Royal jelly       |       |     1 ||     1
Armor: Scale mail        |    27 |    25 ||    52
Dodge: Dodged            |    15 |    17 ||    32
Block: Shield            |    41 |    33 ||    74
       Rpst.: Long sword |     5 |     7 ||    12
